AoeStats
← vortice_anonimo

African Clearing

510639368Analyzed
2v2 RM · 1d ago on Oct 1, 2026· 41m 24s· 4 players
Game mode
Random Map
Map size
Medium (4 player)
Population
200
Speed
Normal
Resources
Standard
Victory
Conquest
Starting age
Dark Age
Ending age
Imperial Age
RankedLock teamsTeams togetherTeam positionsShared explorationLock speedFull tech treeHidden civsTurbo modeCheats
Victory
Defeat
🇦🇷 Maya · Argentina
383
+26
🇦🇷 Vietnamese · Argentina
382
+26
🇨🇱 Khmer · Chile
671
-27
🇨🇴 Spanish · Colombia
587
-25
SLOW SELINE1975
15:53 Feudal Age
16:35 Man-at-Arms
18:46 Arson
d.riverariveros
Conejo Malo
3:56 Loom
14:32 Feudal Age
16:29 Forging
17:24 Gold Mining
17:23 Double-Bit Axe
18:38 Fletching
19:02 Scale Mail Armor
19:51 Arson
28:18 Castle Age
26:22 Padded Archer Armor
31:02 Bow Saw
31:23 Bodkin Arrow
33:06 Eagle Warrior
34:26 Iron Casting
40:59 Squires
vortice_anonimo
20:43 Feudal Age
21:30 Double-Bit Axe
23:24 Gold Mining
24:31 Padded Archer Armor
24:22 Fletching
37:07 Castle Age
39:24 Leather Archer Armor
Connection lost

Rejoining the realm…

Still unreachable

The connection could not be restored.

Session expired

The server has moved on; the page needs a fresh start.